 Dungeon Crawl Stone Soup version 0.29.1-15-g9cfb28693d (webtiles) character file.

Game seed: 3532646955359423028

56 H0rd4k the Charlatan (level 4, 0/32 HPs)
             Began as a Human Artificer on Apr 26, 2023.
             Succumbed to an adder's poison
             ... on level 3 of the Dungeon.
             The game lasted 00:02:20 (3297 turns).

H0rd4k the Charlatan (Human Artificer)              Turns: 3297, Time: 00:02:21

Health: 0/32       AC:  6    Str: 12    XL:     4   Next: 15%
Magic:  4/4        EV:  9    Int: 12    God:
Gold:   90         SH:  0    Dex: 13    Spells: 3/3 levels left

rFire   + . .      SeeInvis .   a - +0 club
rCold   . . .      Faith    .   (no shield)
rNeg    . . .      Spirit   .   f - +2 leather armour {rF+}
rPois   .          Reflect  .   (no helmet)
rElec   .          Harm     .   (no cloak)
rCorr   .          Rampage  .   (no gloves)
Will    .....                   (no boots)
Stlth   ++........              k - amulet of magic regeneration
HPRegen 0.10/turn               m - ring of wizardry
MPRegen 0.49/turn               (no ring)

@: lethally poisoned (0 -> -5), constricted
A: dopey 1, shaggy fur 1, sturdy frame 1
a: no special abilities


You were on level 3 of the Dungeon.
You visited 1 branch of the dungeon, and saw 3 of its levels.

You collected 90 gold pieces.

Inventory:

Hand Weapons
 a - a +0 club (weapon)
Armour
 f - a +2 leather armour of fire resistance (worn)
Magical Staves
 i - a staff of earth
Jewellery
 k - an amulet of magic regeneration (around neck)
 m - a ring of wizardry (left hand)
 n - an amulet of faith
Wands
 c - a wand of flame (14) (quivered)
 d - a wand of charming (11)
 e - a wand of iceblast (5)
Scrolls
 b - a scroll of fear {unknown}
 g - 3 scrolls of identify {unknown}
 l - a scroll of butterflies {unknown}
 o - a scroll of blinking {unknown}
Potions
 h - a potion of mutation
 j - 2 potions of flight {unknown}
 p - a potion of curing {unknown}


   Skills:
 + Level 1.5 Fighting
 + Level 1.6 Maces & Flails
 - Level 2.0 Armour
 + Level 1.7 Dodging
 + Level 1.4 Stealth
 + Level 3.6 Evocations


You had 3 spell levels left.
You didn't know any spells.
Your spell library was empty.

Dungeon Overview and Level Annotations

Branches:
Dungeon (3/15)

Altars:

Shops:
D:3 (

Portals:
Sewer: D:3


Innate Abilities, Weirdness & Mutations

You are dopey. (Int -2)
You are covered in fur. (AC +1)
Your movements are slightly less encumbered by armour. (ER -2)


Message History

The adder is almost dead.
You feel sick. The adder bites you but does no damage.
The ball python completely misses you. The ball python constricts you.
The adder bites you.
You are more poisoned.
The adder poisons you!
The ball python bites you but does no damage.
The ball python constricts you.
You closely miss the adder.
The adder is severely wounded.
You feel sick. The adder barely misses you. The ball python barely misses you.
The ball python constricts you. The adder bites you.
You barely miss the adder.
The adder is severely wounded.
You feel sick. The adder barely misses you.
The ball python bites you but does no damage.
The ball python constricts you.
You miss the adder.
The adder is severely wounded.
You feel sick. The adder bites you.
You are more poisoned.
The adder poisons you! The ball python bites you.
* * * LOW HITPOINT WARNING * * *
The ball python constricts you.
* * * LOW HITPOINT WARNING * * *
The adder bites you but does no damage. The ball python barely misses you.
The ball python constricts you.
* * * LOW HITPOINT WARNING * * *
You hit the adder but do no damage.
The adder is severely wounded.
* * * LOW HITPOINT WARNING * * *
You feel sick. The adder bites you.
* * * LOW HITPOINT WARNING * * *
The ball python bites you but does no damage.
The ball python constricts you.
Okay, then.
It was a potion of mutation.
You feel extremely strange.
You feel stupid. Fur sprouts all over your body.
You feel less encumbered by your armour.
You die...

....... ##
....... #..
....... .. ##
....... ....
....... .#.#
. #......
.#.##..
#..S#S......
#####@.....>#
#...)...#...#
#.......#....
#.........#
#........## .
#........# .
#####..#.# .#
####...##.#
#.......#.#


You could see an adder and a ball python.

Vanquished Creatures
  A dart slug (D:1)
  11 ball pythons
  4 endoplasms
  2 giant cockroaches
  4 goblins
  6 hobgoblins
  2 jackals (D:2)
  A quokka (D:2)
  6 bats
  3 frilled lizards
  4 kobolds (D:1)
  5 rats
49 creatures vanquished.

Vanquished Creatures (collateral kills)
  A frilled lizard (D:1)
1 creature vanquished.

Vanquished Creatures (others)
  An endoplasm (D:1)
  A frilled lizard (D:1)
2 creatures vanquished.

Grand Total: 52 creatures vanquished

Notes
Turn   | Place    | Note
-------+----------+-------------------------------------------
     0 | D:1      | H0rd4k the Human Artificer began the quest for the Orb.
     0 | D:1      | Reached XP level 1. HP: 15/15 MP: 1/1
   455 | D:1      | Reached XP level 2. HP: 4/21 MP: 2/2
  1083 | D:1      | HP: 1/21 [dart slug (3)]
  1091 | D:1      | Reached XP level 3. HP: 2/26 MP: 3/3
  1895 | D:1      | Found a faded altar of an unknown god.
  2004 | D:1      | Reached skill level 1 in Maces & Flails
  2977 | D:2      | Reached XP level 4. HP: 30/32 MP: 4/4
  3216 | D:3      | Found Huoss's Antique Weapon Shop.
  3242 | D:3      | Found a glowing drain.
  3296 | D:3      | HP: 1/32 [adder (2)]
  3297 | D:3      | Gained mutation: You are dopey. (Int -2) [potion of
                  | mutation]
  3297 | D:3      | Gained mutation: You are covered in fur. (AC +1) [potion of
                  | mutation]
  3297 | D:3      | Gained mutation: Your movements are slightly less
                  | encumbered by armour. (ER -2) [potion of mutation]
  3297 | D:3      | Succumbed to an adder's poison

Illustrated notes

Levels and vault maps discovered:
D:1:      lightli_arrival_statue_moat, layout_loops_corners,
          chequers_ecumenical_altar_simple, minmay_tetromino_i2
D:2:      layout_loops_ring, grunt_decor_mini_mirrors
D:3:      layout_rooms, serial_shops, nicolae_shop_trees,
          cheibrodos_sewer_entry_drain, nicolae_concentric_dashed_squares_mild,
          chequers_serial_rivers_small_3

Skill      XL: |  1  2  3 |
---------------+----------+-----
Maces & Flails | 1 |  1.6
Fighting       | |  1.5
Armour         | |  2.0
Dodging        | |  1.7
Stealth        | |  1.4
Evocations     | |  3.6

Action                   |  1- 3 |  4- 6 || total
-------------------------+-------+-------++-------
Melee: Club              |   209 |    37 ||   246
       Punch             |     3 |       ||     3
Evoke: Wand              |     5 |       ||     5
  Use: Potion            |       |     1 ||     1
 Stab: Sleeping          |     4 |     1 ||     5
Armor: Leather armour    |   103 |    23 ||   126
Dodge: Dodged            |   178 |    29 ||   207
